 Dungeon Crawl Stone Soup version 0.30.0-10-gfe55d96785 (webtiles) character file.

Game seed: 17491953091246293036

9208 qw the Protected (level 11, -9/74 HPs)
             Began as a Gargoyle Fighter on May 13, 2023.
             Killed by divine providence
             ... invoked by a meliai
              (14 damage)
             ... on level 9 of the Dungeon.
             The game lasted 00:04:06 (7637 turns).

qw the Protected (Gargoyle Fighter)                 Turns: 7637, Time: 00:04:06

Health: -9/74      AC: 22    Str: 28    XL:     11   Next: 42%
Magic:  11/11      EV: 14    Int:  9    God:
Gold:   445        SH:  9    Dex:  9    Spells: 10/10 levels left

rFire   . . .        Y - +1 war axe (chaos)
rCold   . . .        c - +0 buckler
rNeg    + . .        e - +0 chain mail
rPois   inf          h - +0 hat {Will+}
rElec   +            k - +0 cloak
rCorr   .            g - +0 pair of gloves
SInv    .            r - +1 pair of boots
Will    +....        f - amulet of reflection Stlth
                     n - +5 ring of evasion
HPRegen 0.32/turn    l - +6 ring of strength
MPRegen 0.12/turn

%: reflection, clarity
@: corroded, flying
A: sickness immunity, AC +8, negative energy resistance 1, electricity
resistance, torment resistance 1, petrification resistance, big wings, clarity,
sense surroundings 1, robust 1, screaming 1, weak 1
a: no special abilities


You were on level 9 of the Dungeon.
You visited 1 branch of the dungeon, and saw 9 of its levels.

You collected 445 gold pieces.


Innate Abilities, Weirdness & Mutations

You are immune to sickness and miasma.
Your stone body is resilient. (AC +8)
You are immune to poison.
You resist negative energy. (rN+)
You are resistant to electric shocks. (rElec)
You are resistant to unholy torment.
You are immune to petrification.
Your large and strong wings let you fly.
You possess an exceptional clarity of mind.
You passively map a small area around you.
You are robust. (+10% HP)
You occasionally shout uncontrollably at your foes.
You are weak. (Str -2)


   Skills:
 + Level 8.1 Fighting
 - Level 11.0 Axes
 - Level 1.0 Throwing
 - Level 13.4 Armour
 - Level 2.0 Dodging
 - Level 5.0 Shields


You had 10 spell levels left.
You didn't know any spells.
Your spell library was empty.

Inventory:

Hand Weapons
 q - a +0 morningstar
 Y - a +1 war axe of chaos (weapon)
Missiles
 i - 2 boomerangs (quivered)
Armour
 c - a +0 buckler (worn)
 e - a +0 chain mail (worn)
 g - a +0 pair of gloves (worn)
 h - a +0 hat of willpower (worn)
 k - a +0 cloak (worn)
 r - a +1 pair of boots (worn)
Jewellery
 f - an amulet of reflection (around neck)
 l - a +6 ring of strength (right hand)
 m - a ring of protection from cold
 n - a +5 ring of evasion (left hand)
Scrolls
 o - 2 scrolls of identify
Potions
 a - a potion of haste
 d - 3 potions of might
 j - 4 potions of curing
 p - 2 potions of mutation
 s - a potion of attraction

Dungeon Overview and Level Annotations

Branches:
Dungeon (9/15)             Temple (0/1) D:7            Lair (0/5) D:8
    Orc: D:9-12

Altars:
Fedhas
Uskayaw

Annotations:
D:4 4 runed translucent doors, Crazy Yiuf; mirrorencyclopedia's ghost, novice GrFi; qw's ghost, amateur GrFi
D:9 1 runed translucent door, Tixazyof's ghost, novice GnAr


Message History

The acid dragon spits acid at you. The splash of acid hits you.
The acid corrodes you!
You closely miss the howler monkey.
The howler monkey is almost dead.
You barely miss the wight. You closely miss the acid dragon.
You kill the howler monkey!
The wight barely misses you. x2; The acid dragon bites you.
The acid dragon claws you but does no damage.
You slash the wight! You burn the wight.
You destroy the wight!
You hit the acid dragon but do no damage.
The acid dragon evaporates and reforms as a meliai!
You block the meliai's attack. The meliai stings you.
You closely miss the meliai. The meliai hits you but does no damage.
The meliai stings you. The meliai hits you but does no damage.
The meliai stings you but does no damage.
You hit the meliai.
The meliai suddenly seems more resistant.
The meliai is moderately wounded.
The meliai closely misses you. The meliai barely misses you. x2
The meliai stings you but does no damage.
You slash the meliai!
The meliai suddenly seems more agile.
The meliai is almost dead.
The meliai hits you! The meliai closely misses you.
You block the meliai's attack.
The meliai stings you but does no damage.
You closely miss the meliai.
The meliai is almost dead.
The meliai calls down the wrath of its god upon you.
Something smites you!
The meliai mumbles some strange prayers to its god against you.
Something smites you!
Tixazyof's ghost wails.
You closely miss the meliai.
The meliai is severely wounded.
You block the meliai's attack. The meliai stings you.
The meliai invokes the aid of its god against you.
Something smites you!
You die...

.#..............#.#
.(....).......#?#
#.......(....##.# *
............'..#
............#### ,
.#+#........# * ,,
##.##...##### *
#...##)).# , ,
.....##@.# , ,
.?7!.W#y.#
..!..##..#
*#...##...#
,##}##...##
.###...## ......#*
* .....# * ..###


You could see a meliai (agile, resistant) and Tixazyof's ghost.

Vanquished Creatures
  Gastronok (D:8)
  Psyche (D:8)
  A troll (D:8)
  Grinder (D:4)
  Sigmund (D:4)
  A wyvern (D:7)
  A steam dragon (D:8)
  11 yaks (D:8)
  Eustachio (D:4)
  3 ice beasts
  2 black bears (D:5)
  An ogre (D:3)
  6 wolves (D:8)
  2 centaurs
  3 phantoms
  A bullfrog (D:8)
  2 gnoll sergeants
  3 scorpions
  3 wyvern zombies (D:8)
  9 wights
  4 electric eels (D:8)
  3 howler monkeys (D:9)
  A centaur zombie (D:8)
  4 hounds
  A jelly (D:5)
  A gnoll bouda (D:7)
  4 iguanas
  A sleepcap (D:7)
  Terence (D:2)
  3 orc wizards
  2 killer bee zombies (D:8)
  15 gnolls
  8 adders
  A white imp (D:7)
  A dart slug (D:4)
  14 orcs
  An endoplasm (D:1)
  4 giant cockroaches
  2 hobgoblins
  3 jackals (D:2)
  5 kobolds
  3 quokkas
  8 ball pythons
  10 bats
  3 frilled lizards
  8 goblins
  5 rats
170 creatures vanquished.

Notes
Turn   | Place    | Note
-------+----------+-------------------------------------------
     0 | D:1      | qw the Gargoyle Fighter began the quest for the Orb.
     0 | D:1      | Reached XP level 1. HP: 14/14 MP: 1/1
     0 | D:1      | 0 ||| qw: Version: 0.2-a-92-gf946c9c
     0 | D:1      | 0 ||| qw: Game counter: 14
     0 | D:1      | 0 ||| qw: Always use a shield: true
     0 | D:1      | 0 ||| qw: God list: Okawaru
     0 | D:1      | 0 ||| qw: Allow faded altars: false
     0 | D:1      | 0 ||| qw: Do Orc after D:15 true
     0 | D:1      | 0 ||| qw: Do second Lair branch before Depths: true
     0 | D:1      | 0 ||| qw: Lair rune preference: random
     0 | D:1      | 0 ||| qw: Plans: Normal, Zot:1-4, God:TSO, Crypt, Tomb,
                  | Pan, Slime:5, Hells, Abyss, Win
     0 | D:1      | 0 ||| PLANNING D:1-11
   175 | D:1      | 175 ||| Stepping ~*~*~tactically~*~*~ (stealth).
   180 | D:1      | Reached XP level 2. HP: 19/19 MP: 2/2
   518 | D:1      | Reached skill level 3 in Axes
   825 | D:1      | 825 ||| UPGRADING to +0 cloak.
   830 | D:1      | 830 ||| READING scroll labelled DUMAGE SITYOB.
   831 | D:1      | 831 ||| READING scroll labelled PINEOQEMEM.
   832 | D:1      | 832 ||| READING scroll labelled JOMYBO KIESEMI.
   833 | D:1      | 833 ||| READING scroll labelled UWKOPH INUZURGHOA.
   834 | D:1      | 834 ||| DRINKING 2 metallic amethyst potions.
   938 | D:1      | 938 ||| DROPPING potion of berserk rage.
  1011 | D:2      | 1011 ||| Stepping ~*~*~tactically~*~*~ (stealth).
  1013 | D:2      | Reached XP level 3. HP: 23/23 MP: 3/3
  1165 | D:2      | 1165 ||| DROPPING +0 club.
  1179 | D:2      | Found a blossoming altar of Fedhas.
  1200 | D:2      | Noticed Terence
  1210 | D:2      | Killed Terence
  1211 | D:2      | Reached XP level 4. HP: 14/28 MP: 4/4
  2009 | D:2      | 2009 ||| UPGRADING to +0 chain mail.
  2019 | D:2      | 2019 ||| DROPPING +0 scale mail.
  2020 | D:2      | 2020 ||| UPGRADING to +0 pair of gloves.
  2025 | D:2      | 2025 ||| READING scroll labelled UGEKHL ZIXKAO.
  2147 | D:3      | Noticed an ice beast
  2152 | D:3      | HP: 3/28 [ice beast (12)]
  2161 | D:3      | Killed an ice beast
  2162 | D:3      | Reached XP level 5. HP: 7/32 MP: 5/5
  2336 | D:3      | Noticed an ogre
  2347 | D:3      | Killed an ogre
  2348 | D:3      | Reached XP level 6. HP: 30/39 MP: 6/6
  2696 | D:3      | 2696 ||| READING scroll labelled YNIUWI SAOKUEJ.
  2697 | D:3      | 2697 ||| READING scroll labelled QOEKKA QEUCEHU.
  2701 | D:3      | 2701 ||| READING scroll labelled ZATUNE BIYMIF.
  2702 | D:3      | 2702 ||| READING scroll labelled DOCETRU XUDE.
  2703 | D:3      | 2703 ||| DRINKING 2 grey potions.
  2704 | D:3      | 2704 ||| DRINKING 3 ruby potions.
  2705 | D:3      | 2705 ||| DROPPING potion of brilliance.
  2914 | D:4      | Found a runed translucent door.
  2915 | D:4      | Noticed Crazy Yiuf
  2979 | D:4      | Noticed Grinder
  2990 | D:4      | Paralysed by Grinder for 4 turns
  2999 | D:4      | Paralysed by Grinder for 5 turns
  3009 | D:4      | Killed Grinder
  3010 | D:4      | Reached skill level 6 in Axes
  3010 | D:4      | Reached XP level 7. HP: 33/44 MP: 7/7
  3173 | D:4      | Reached skill level 1 in Dodging
  3209 | D:4      | Noticed Eustachio
  3220 | D:4      | Killed Eustachio
  3221 | D:4      | Reached XP level 8. HP: 41/48 MP: 8/8
  3304 | D:4      | Found a runed translucent gate.
  3305 | D:4      | Found a runed translucent gate.
  3305 | D:4      | Found a runed translucent gate.
  3306 | D:4      | Noticed qw's ghost (amateur GrFi)
  3306 | D:4      | Noticed mirrorencyclopedia's ghost (novice GrFi)
  3359 | D:4      | Noticed Sigmund
  3360 | D:4      | 3360 ||| Stepping ~*~*~tactically~*~*~ (hiding).
  3363 | D:4      | 3363 ||| Stepping ~*~*~tactically~*~*~ (hiding).
  3383 | D:4      | Killed Sigmund
  3638 | D:4      | 3638 ||| Stepping ~*~*~tactically~*~*~ (hiding).
  3711 | D:4      | 3711 ||| DROPPING +3 scale mail.
  3712 | D:4      | 3712 ||| UPGRADING to +0 pair of boots.
  3717 | D:4      | 3717 ||| UPGRADING to +1 pair of boots.
  3727 | D:4      | 3727 ||| DROPPING +0 pair of boots.
  3728 | D:4      | 3728 ||| READING scroll labelled WUDIUS GUNK.
  3729 | D:4      | 3729 ||| READING scroll labelled NUNODGHE TIQYNI.
  3730 | D:4      | 3730 ||| DRINKING 2 glowing blue potions.
  3731 | D:4      | 3731 ||| DROPPING potion of flight.
  3751 | D:5      | Entered Level 5 of the Dungeon
  3777 | D:5      | Reached skill level 4 in Armour
  4046 | D:5      | Reached skill level 6 in Fighting
  4102 | D:5      | 4102 ||| Stepping ~*~*~tactically~*~*~ (hiding).
  4126 | D:5      | HP: 10/51 [gnoll/+0 halberd (6)]
  4127 | D:5      | 4127 ||| READING scroll of teleportation.
  4288 | D:5      | Identified the +7 rapier of the Trees {flame, rF+ SInv}
  4866 | D:5      | 4866 ||| DROPPING amulet of faith.
  4867 | D:5      | 4867 ||| UPGRADING to ring of protection from cold.
  4868 | D:5      | 4868 ||| UPGRADING to ring of positive energy.
  4869 | D:5      | 4869 ||| READING scroll labelled MONIAVO PE ILI.
  4870 | D:5      | 4870 ||| READING scroll labelled PAREAT IHISTRUT.
  4871 | D:5      | 4871 ||| DRINKING 2 coppery potions.
  4872 | D:5      | 4872 ||| DRINKING 3 sedimented white potions.
  4872 | D:5      | Gained mutation: You sometimes lose your temper in combat.
                  | [potion of mutation]
  4872 | D:5      | Gained mutation: You occasionally shout uncontrollably at
                  | your foes. [potion of mutation]
  4872 | D:5      | Gained mutation: You passively map a small area around you.
                  | [potion of mutation]
  4872 | D:5      | Gained mutation: You are robust. (+10% HP) [potion of
                  | mutation]
  4888 | D:5      | 4888 ||| DRINKING 2 potions of mutation.
  4888 | D:5      | Lost mutation: You sometimes lose your temper in combat.
                  | [potion of mutation]
  4888 | D:5      | Lost mutation: You are robust. (+10% HP) [potion of
                  | mutation]
  4888 | D:5      | Gained mutation: You are weak. (Str -2) [potion of
                  | mutation]
  4888 | D:5      | Gained mutation: Your large and strong wings let you fly.
                  | [potion of mutation]
  4888 | D:5      | Gained mutation: You possess an exceptional clarity of
                  | mind. [potion of mutation]
  4888 | D:5      | Gained mutation: You are robust. (+10% HP) [potion of
                  | mutation]
  5019 | D:6      | You are sucked into a shaft and drop 1 floor!
  5022 | D:7      | 5022 ||| STAIRDANCE
  5038 | D:6      | 5038 ||| Stepping ~*~*~tactically~*~*~ (stealth).
  5041 | D:6      | 5041 ||| Stepping ~*~*~tactically~*~*~ (stealth).
  5059 | D:6      | Reached XP level 9. HP: 53/60 MP: 9/9
  5070 | D:6      | Reached skill level 9 in Axes
  5117 | D:6      | 5117 ||| Stepping ~*~*~tactically~*~*~ (hiding).
  5299 | D:6      | Reached skill level 1 in Throwing
  5626 | D:6      | 5626 ||| UPGRADING to amulet of reflection.
  5631 | D:6      | 5631 ||| READING 4 scrolls of identify.
  5631 | D:6      | 5631 ||| IDENTIFYING red potion
  5632 | D:6      | 5632 ||| DRINKING potion of experience.
  5632 | D:6      | Reached skill level 13 in Armour
  5632 | D:6      | Reached XP level 10. HP: 66/66 MP: 10/10
  5633 | D:6      | 5633 ||| READING 3 scrolls of identify.
  5633 | D:6      | 5633 ||| IDENTIFYING puce potion
  5634 | D:6      | 5634 ||| DROPPING potion of ambrosia.
  5670 | D:7      | Found a staircase to the Ecumenical Temple.
  5794 | D:7      | 5794 ||| DROPPING +0 flail.
  5817 | D:7      | 5817 ||| Stepping ~*~*~tactically~*~*~ (hiding).
  5961 | D:7      | Found a hide-covered altar of Uskayaw.
  6181 | D:7      | 6181 ||| UPGRADING to +6 ring of strength.
  6183 | D:7      | 6183 ||| UPGRADING to +5 ring of evasion.
  6185 | D:7      | 6185 ||| UPGRADING to ring of protection from cold.
  6187 | D:7      | 6187 ||| UPGRADING to +6 ring of strength.
  6189 | D:7      | 6189 ||| DROPPING ring of positive energy.
  6220 | D:8      | 6220 ||| DROPPING +1 heavy flail.
  6226 | D:8      | 6226 ||| Stepping ~*~*~tactically~*~*~ (stealth).
  6236 | D:8      | 6236 ||| Stepping ~*~*~tactically~*~*~ (stealth).
  6238 | D:8      | 6238 ||| Stepping ~*~*~tactically~*~*~ (stealth).
  6344 | D:8      | 6344 ||| Stepping ~*~*~tactically~*~*~ (stealth).
  6438 | D:8      | Found a staircase to the Lair.
  6754 | D:8      | Noticed Psyche
  6771 | D:8      | Killed Psyche
  6772 | D:8      | Reached XP level 11. HP: 74/74 MP: 11/11
  7167 | D:8      | 7167 ||| Stepping ~*~*~tactically~*~*~ (stealth).
  7175 | D:8      | 7175 ||| Stepping ~*~*~tactically~*~*~ (stealth).
  7185 | D:8      | Noticed Gastronok
  7194 | D:8      | HP: 13/74 [Gastronok (11)]
  7195 | D:8      | 7195 ||| DRINKING 2 potions of heal wounds.
  7203 | D:8      | HP: 14/74 [Gastronok/the air (21)]
  7204 | D:8      | 7204 ||| DRINKING potion of heal wounds.
  7209 | D:8      | HP: 12/74 [Gastronok/the air (8)]
  7210 | D:8      | HP: 2/74 [Gastronok (11)]
  7213 | D:8      | Killed Gastronok
  7526 | D:8      | 7526 ||| UPGRADING to +0 hat of willpower.
  7531 | D:8      | 7531 ||| READING scroll labelled XOM UMYAPLEUFA.
  7532 | D:8      | 7532 ||| DRINKING 2 orange potions.
  7533 | D:8      | 7533 ||| READING 2 scrolls of identify.
  7533 | D:8      | 7533 ||| IDENTIFYING silvery potion
  7606 | D:9      | Found a runed translucent door.
  7607 | D:9      | Noticed Tixazyof's ghost (novice GnAr)
  7636 | D:9      | HP: 11/74 [meliai/divine providence (12)]
  7637 | D:9      | HP: 5/74 [meliai (6)]
  7637 | D:9      | Killed from afar by a meliai

Levels and vault maps discovered:
D:1:      wheals_arrival_shading, layout_loops_ring
D:2:      layout_basic, serial_co_window_serial, co_window_paths_a,
          co_window_of_opportunity_a, co_window_cross_1, co_window_paths_a,
          co_window_corner_a, co_window_unsneaky_path_a,
          co_window_unsneaky_path_a, co_window_unsneaky_path_b,
          co_window_4corner_a, glass_columns_a, glass_columns_b,
          glass_columns_b, glass_columns_b, glass_columns_c, basic_altar,
          uniq_terence
D:3:      layout_rooms
D:4:      layout_cave_pods, gammafunk_ghost_cemetery, serial_park,
          serial_park_avenue1, serial_park_tiny_pond, serial_park_avenue1,
          serial_park_tiny_pond, nrook_mini_vaults, uniq_crazy_yiuf_cottage,
          uniq_sigmund, uniq_eustachio, uniq_grinder
D:5:      layout_basic, minmay_starry_boxes
D:6:      nicolae_BIG_FREAKIN_CUBE, layout_cave_pools
D:7:      layout_rooms, nicolae_uskayaw_suspiria, temple_doors_e
D:8:      layout_gridville, erik_lair_island, serial_undead, serial_undead_d,
          serial_undead_d, serial_undead_a, serial_undead_c, uniq_psyche,
          uniq_gastronok
D:9:      layout_basic, hellmonk_ghost_happy_afterlife, dk_noncrumbling_2,
          nicolae_underground_beach, uniq_erolcha

Skill      XL: |  1  2  3  4  5  6  7  8  9 10 11 |
---------------+----------------------------------+-----
Axes           | 2 3 4 5 6 7 8 9 10 11 | 11.0
Fighting       | 4 6 7 8 |  8.1
Dodging        | 1 2 |  2.0
Armour         | 4 13 | 13.4
Shields        | 4 5 |  5.0
Throwing       | 1 |  1.0

Action                     |  1- 3 |  4- 6 |  7- 9 | 10-12 || total
---------------------------+-------+-------+-------+-------++-------
  Melee: War axe           |    95 |   125 |   219 |   272 ||   711
         Unarmed           |       |       |       |     4 ||     4
  Throw: Boomerang         |       |       |     4 |    87 ||    91
    Use: Scroll            |     4 |     5 |     6 |     3 ||    18
         Potion            |     1 |     2 |     5 |     3 ||    11
   Stab: Petrifying        |       |       |       |     1 ||     1
 Armour: Scale mail        |    48 |    32 |       |       ||    80
         Chain mail        |       |    38 |   173 |   137 ||   348
         Skin              |       |       |       |     1 ||     1
  Dodge: Dodged            |    39 |    48 |   106 |   174 ||   367
  Block: Buckler           |    17 |    20 |    35 |   148 ||   220
         Reflection        |       |       |       |     2 ||     2

Table legend:
 A = Non-vault XP
 B = Vault XP
 C = Vault XP percentage of total XP
 D = Non-vault monster count
 E = Vault monster count
 F = Vault count percentage of total count
                 A         B        C        D         E       F
            +---------+---------+-------+---------+---------+-------
      Total |    5707 |    4775 |  45.6 |     136 |      34 |  20.0
            +---------+---------+-------+---------+---------+-------
        D:1 |      32 |       0 |   0.0 |      22 |       0 |   0.0
        D:2 |      65 |      36 |  35.6 |      17 |       1 |   5.6
        D:3 |     392 |       0 |   0.0 |      12 |       0 |   0.0
        D:4 |     207 |     705 |  77.3 |      13 |       3 |  18.8
        D:5 |     468 |     299 |  39.0 |      13 |       8 |  38.1
        D:6 |     529 |       0 |   0.0 |      14 |       0 |   0.0
        D:7 |     740 |       0 |   0.0 |      17 |       0 |   0.0
        D:8 |    2888 |    3735 |  56.4 |      22 |      22 |  50.0
        D:9 |     386 |       0 |   0.0 |       6 |       0 |   0.0
            +---------+---------+-------+---------+---------+-------
